 Dungeon Crawl Stone Soup version 0.23-a0-49-gd9f7a49668 (webtiles) character file.

863 Gargoyl the Chopper (level 7, -4/59 HPs)
             Began as a Centaur Abyssal Knight on Aug 7, 2018.
             Was a Priest of Lugonu.
             Slain by a gnoll
             ... wielding a +0 spear
              (6 damage)
             ... on level 5 of the Dungeon.
             The game lasted 00:07:48 (3723 turns).

Gargoyl the Chopper (Centaur Abyssal Knight)        Turns: 3723, Time: 00:07:48

Health: -4/59      AC: 21    Str: 15    XL:     7   Next: 72%
Magic:  6/10       EV: 10    Int: 11    God:    Lugonu [***...]
Gold:   243        SH:  0    Dex: 15    Spells: 6/6 levels left

rFire    . . .     SeeInvis .   a - +1 hand axe
rCold    + . .     Gourm    .   (no shield)
rNeg     . . .     Faith    .   b - +8 chain mail of Complete Protection {MR+}
rPois    .         Spirit   .   h - +1 helmet
rElec    .         Reflect  .   i - +2 cloak
rCorr    .         Harm     .   (no gloves)
MR       +....                  (no barding)
Stlth    ..........             (no amulet)
HPRegen  0.19/turn              f - ring of protection from cold
MPRegen  0.12/turn              (no ring)

@: agile, berserk cooldown, slowed
A: large, hooves 3, deformed body, speed 2, tough skin 3
a: Depart the Abyss, Bend Space, Banish, Renounce Religion


You were on level 5 of the Dungeon.
You worshipped Lugonu.
Lugonu was most pleased with you.
You were near starving.

You visited 1 branch of the dungeon, and saw 5 of its levels.
You visited the Abyss 1 time.

You collected 243 gold pieces.

Inventory:

Hand Weapons
 a - a +1 hand axe (weapon)
Armour
 b - the +8 chain mail of Complete Protection (worn) {MR+}
   (You found it on level 2 of the Abyss)

   It affects your resistance to hostile enchantments.
 h - a +1 helmet (worn)
 i - a +2 cloak (worn)
Jewellery
 f - a ring of protection from cold (left hand)
Scrolls
 r - 4 scrolls of remove curse
Potions
 n - a potion of flight
 o - a potion of resistance {unknown}
 q - a potion of berserk rage
 s - a potion of haste {unknown}
 t - a potion of cancellation {unknown}
 u - a potion of degeneration {unknown}
Comestibles
 c - 5 rations


   Skills:
 + Level 4.2 Fighting
 + Level 4.6 Axes
 * Level 4.1 Armour
 + Level 1.3 Dodging
 * Level 4.4 Invocations


You had 6 spell levels left.
You didn't know any spells.
Your spell library contained the following spells:

 Spells                   Type           Power        Failure   Level  Hunger
 Stone Arrow              Conj/Erth      #.....       100%        3    ####...
 Passwall                 Tmut/Erth      #.......     100%        2    ###....
 Lee's Rapid Deconstruct  Erth           #.........   100%        5    ######.
 Sandblast                Erth           #.....       100%        1    ##.....
 Petrify                  Tmut/Erth      #.......     100%        4    #####..


Dungeon Overview and Level Annotations

Branches:
Dungeon (5/15)
 Temple: D:4-7

Altars:
Gozag
Makhleb

Shops:
D:4 *

Annotations:
D:4 GordonOverkill's ghost, amateur GrFi
D:5 Eustachio; Prince Ribbit


Innate Abilities, Weirdness & Mutations

You have hooves in place of feet.
Armour fits poorly on your strangely shaped body.
You cover ground very quickly.
You have extremely tough skin. (AC +3)


Message History

The ogre completely misses you.
Press: ? - help, Shift-Dir - straight line, f - ogre
Aim: an ogre, wielding a giant club (heavily wounded, chance to defeat MR: 83%)
You fail to use your ability.
The gnoll hits you from afar with a halberd.
* * * LOW HITPOINT WARNING * * *
The ogre barely misses you. The gnoll closely misses you.
Press: ? - help, Shift-Dir - straight line, f/p - ogre
Aim: an ogre, wielding a giant club (heavily wounded, chance to defeat MR: 83%)
The ogre is devoured by a tear in reality.
Lugonu claims a new guest.
You are near starving!
The gnoll barely misses you. The gnoll hits you but does no damage.
The gnoll hits you with a halberd!
* * * LOW HITPOINT WARNING * * *
Items here: ))) [ †† You slash the gnoll!
The gnoll is severely wounded.
The gnoll hits you from afar with a spear.
You die... .... #####''###### ............ ...g....... ggg.....

g..g..
#########gg#
+...§@ggggg+
############


You could see 7 gnolls.

Vanquished Creatures
  The ghost of Finguili the Slasher, an amateur TeGl (D:3)
  2 scorpions
  2 crimson imps (D:4)
  A gnoll shaman (D:5)
  A centaur skeleton (D:4)
  An iguana (D:4)
  Natasha (D:4)
  3 worker ants
  A hound skeleton (D:5)
  20 gnolls
  5 adders
  A shadow imp (D:4)
  3 worms
  A dart slug (D:1)
  2 leopard geckos
  3 orcs
  5 bats
  3 giant cockroaches
  6 goblins
  5 hobgoblins
  7 jackals
  2 quokkas
  2 ball pythons (D:1)
  3 frilled lizards (D:1)
  8 kobolds
  8 rats
97 creatures vanquished.

Vanquished Creatures (others)
  An ogre (D:5)
1 creature vanquished.

Grand Total: 98 creatures vanquished

Notes
Turn   | Place    | Note
-------+----------+-------------------------------------------
     0 | Abyss:1  | Gargoyl the Centaur Abyssal Knight began the quest for the Orb.
     0 | Abyss:1  | Reached XP level 1. HP: 19/19 MP: 2/2
    83 | Abyss:1  | Noticed a starcursed mass
   101 | Abyss:1  | Noticed a smoke demon
   105 | Abyss:1  | Noticed a large abomination
   158 | Abyss:2  | Got a spiked chain mail
   169 | Abyss:2  | Identified the +8 chain mail of Complete Protection {MR+} (You found it on level 2 of the Abyss)
   199 | Abyss:2  | Noticed a large abomination
   200 | D:1      | Escaped the Abyss
   396 | D:1      | Reached XP level 2. HP: 26/26 MP: 3/3
   399 | D:1      | Reached * piety under Lugonu
   556 | D:1      | Reached XP level 3. HP: 30/31 MP: 4/4
  1354 | D:2      | Reached XP level 4. HP: 32/38 MP: 6/6
  1631 | D:2      | Reached ** piety under Lugonu
  1886 | D:3      | Found a transporter.
  1896 | D:3      | Found a transporter.
  1910 | D:3      | Noticed Finguili's ghost (amateur TeGl)
  1940 | D:3      | Killed Finguili's ghost
  1940 | D:3      | Reached XP level 5. HP: 27/46 MP: 7/7
  2800 | D:4      | Reached XP level 6. HP: 51/52 MP: 8/8
  3096 | D:4      | Found Guopteha's Assorted Antiques.
  3144 | D:4      | Found a runed gate.
  3145 | D:4      | Found a runed gate.
  3145 | D:4      | Found an opulent altar of Gozag.
  3152 | D:4      | Found a runed gate.
  3152 | D:4      | Noticed Natasha
  3153 | D:4      | Noticed GordonOverkill's ghost (amateur GrFi)
  3159 | D:4      | Killed Natasha
  3211 | D:5      | Entered Level 5 of the Dungeon
  3229 | D:5      | Reached XP level 7. HP: 24/59 MP: 9/9
  3454 | D:5      | Found a burning altar of Makhleb.
  3491 | D:5      | Noticed Prince Ribbit
  3508 | D:5      | Reached skill level 1 in Dodging
  3557 | D:5      | Noticed Eustachio
  3710 | D:5      | Reached *** piety under Lugonu
  3710 | D:5      | HP: 3/88 [gnoll/halberd (7)]
  3722 | D:5      | HP: 2/59 [gnoll/halberd (8)]
  3723 | D:5      | Slain by a gnoll

Vault maps used:
D:1:      evilmike_arrival_run_for_it
D:3:      gammafunk_ghost_arena
D:4:      serial_shops, nicolae_shop_trees, ebering_ghost_gozag, st_stairs_5,
          nemelex_dance_club_becter, uniq_natasha
D:5:      lemuel_castle_with_subvaults, old_standard_altar, first_ration,
          uniq_eustachio, uniq_prince_ribbit1

Skill      XL: |  1  2  3  4  5  6  7 |
---------------+----------------------+-----
Axes           | 2 3 4 |  4.6
Armour         | 2 3 4 |  4.1
Invocations    | 3 4 |  4.4
Fighting       | 4 |  4.2
Dodging        | 1 |  1.3

Action                   |  1- 3 |  4- 6 |  7- 9 || total
-------------------------+-------+-------+-------++-------
Melee: Hand axe          |   133 |   129 |   125 ||   387
       Kick              |    29 |    34 |    23 ||    86
Throw: Tomahawk          |       |       |     2 ||     2
Invok: Depart the Abyss  |     1 |       |       ||     1
       Bend Space        |       |       |     4 ||     4
       Banish            |       |       |     1 ||     1
  Use: Scroll            |     4 |     5 |     3 ||    12
       Potion            |       |     2 |     9 ||    11
  Eat: Chunk             |       |     5 |     1 ||     6
Armor: Chain mail        |   153 |   106 |    93 ||   352
       Skin              |       |       |    92 ||    92
Dodge: Dodged            |    29 |    17 |    46 ||    92

Table legend:
 A = Spawn XP
 B = Non-spawn XP
 C = Spawn XP percentage of total XP
 D = Spawn monster count
 E = Non-spawn monster count
 F = Spawn count percentage of total count
 G = Total turns spent on level
                    A         B        C        D         E        F      G
               +---------+---------+-------+---------+---------+-------+---------
         Total |       0 |    1233 |   0.0 |       0 |      98 |   0.0 |  3723
               +---------+---------+-------+---------+---------+-------+---------
           D:1 |       0 |      55 |   0.0 |       0 |      32 |   0.0 |   748
           D:2 |       0 |     102 |   0.0 |       0 |      17 |   0.0 |   919
           D:3 |       0 |     182 |   0.0 |       0 |       7 |   0.0 |   901
           D:4 |       0 |     356 |   0.0 |       0 |      14 |   0.0 |   443
           D:5 |       0 |     538 |   0.0 |       0 |      28 |   0.0 |   512
               +---------+---------+-------+---------+---------+-------+---------
